 Dungeon Crawl Stone Soup version 0.20.1-1-g8b1a95d (webtiles) character file.

208 acidapple the Changer (level 5, -1/44 HPs)
             Began as a Naga Transmuter on Sept 6, 2017.
             Slain by a centaur skeleton (8 damage)
             ... on level 4 of the Dungeon.
             The game lasted 00:07:21 (3639 turns).

acidapple the Changer (Naga Transmuter)             Turns: 3639, Time: 00:07:21

Health: -1/44      AC:  2    Str: 13    XL:     5   Next: 86%
Magic:  7/8        EV: 10    Int: 14    God:
Gold:   79         SH:  0    Dex: 11    Spells: 2/8 levels left

rFire    . . .     SeeInvis +     - Unarmed
rCold    . . .     Gourm    +   (no shield)
rNeg     . . .     Faith    .   b - +0 robe
rPois    +         Spirit   .   (no helmet)
rElec    .         Reflect  .   (no cloak)
rCorr    .         Harm     .   (no gloves)
MR       .....                  (no barding)
Stlth    +.........             e - amulet of the gourmand
Regen    0.2/turn               (no ring)
MPRegen  0.2/turn               (no ring)

@: appendage, very slightly contaminated, very slow
A: horns 2, see invisible, deformed body, poison resistance, slowness 2, slow
metabolism 1, spit poison 1, AC +1
a: Spit Poison, End Transformation


You were on level 4 of the Dungeon.
You were not hungry.
You had grown temporary horns.
You visited 1 branch of the dungeon, and saw 4 of its levels.

You collected 79 gold pieces.

Inventory:

Armour
 b - a +0 robe (worn)
 j - a +0 buckler
Jewellery
 e - an amulet of the gourmand (around neck)
Wands
 k - a wand of paralysis (9/24)
Scrolls
 h - a scroll of identify
 l - 3 scrolls of blinking {unknown}
 o - a scroll of remove curse
Potions
 f - 2 potions of mutation
 p - a potion of ambrosia {unknown}
 q - a potion of lignification {unknown}
Books
 c - a book of Changes

   Spells                             Type                      Level
   a - Beastly Appendage              Transmutation                1
   b - Sticks to Snakes               Transmutation                2
   c - Spider Form                    Transmutation/Poison         3
   d - Ice Form                       Ice/Transmutation            4
   e - Blade Hands                    Transmutation                5
Comestibles
 d - 4 bread rations
 g - 2 fruits
 i - 2 meat rations
 m - a royal jelly


   Skills:
 - Level 1.0 Fighting
 - Level 1.5 Dodging
 + Level 4.5 Unarmed Combat
 - Level 2.0 Spellcasting
 + Level 4.8 Transmutations


You had 2 spell levels left.
You knew the following spells:

 Your Spells              Type           Power        Failure   Level  Hunger
a - Beastly Appendage     Tmut           ##....       3%          1    ##.....
b - Sticks to Snakes      Tmut           ##......     4%          2    ###....
c - Spider Form           Tmut/Pois      #.........   26%         3    ####...


Dungeon Overview and Level Annotations

Branches:
Dungeon (4/15)             Temple (0/1) D:4

Altars:
Ashenzari
Vehumet

Annotations:
D:4 Zedayar's ghost, novice TrFi


Innate Abilities, Weirdness & Mutations

You cannot wear boots.
Your serpentine skin is tough. (AC +1)
You have supernaturally acute eyesight. (SInv)
Armour fits poorly on your strangely shaped body.
Your system is resistant to poisons. (rPois)
You cover ground very slowly.
You have a slow metabolism.
You can spit poison.
You have a pair of horns on your head.


Message History

The centaur skeleton hits you.
* * * LOW HITPOINT WARNING * * *
You hit the centaur skeleton.
The centaur skeleton is moderately damaged.
The centaur skeleton closely misses you.
It was a potion of curing.
You feel better. The centaur skeleton hits you.
* * * LOW HITPOINT WARNING * * *
You hit the centaur skeleton. You headbutt the centaur skeleton.
The centaur skeleton is heavily damaged.
The centaur skeleton closely misses you.
The centaur skeleton hits you.
* * * LOW HITPOINT WARNING * * *
You hit the centaur skeleton.
The centaur skeleton is heavily damaged.
The centaur skeleton hits you.
* * * LOW HITPOINT WARNING * * *
You hit the centaur skeleton. You headbutt the centaur skeleton!
The centaur skeleton is almost destroyed.
The centaur skeleton hits you!
You die...

### #.. .. #.
#####.# #.
#/###888#.# %
...8...8.# .# #
#...>.8.##.##.#
##8...8......>#
#####888#.....###
.#.......Z@..#.#
.....###)..###.##.
.......).)........
$....###..###..##.
.#. #.<# .#
.............#
######.#.##.##
#.#.# #....


You could see a centaur skeleton.

Vanquished Creatures
  A crimson imp (D:3)
  4 worker ants
  An adder (D:2)
  A worm (D:2)
  2 dart slugs
  2 leopard geckos (D:1)
  5 orcs
  4 giant cockroaches
  7 goblins
  7 hobgoblins
  8 jackals
  2 quokkas
  A ball python (D:2)
  5 bats
  5 frilled lizards
  3 kobolds
  7 rats
65 creatures vanquished.

Vanquished Creatures (collateral kills)
  A dart slug (D:3)
  A bat (D:3)
  A giant cockroach (D:3)
  A goblin (D:3)
  A hobgoblin (D:3)
  A rat (D:3)
6 creatures vanquished.

Vanquished Creatures (others)
  A goblin (D:2)
1 creature vanquished.

Grand Total: 72 creatures vanquished

Notes
Turn   | Place    | Note
-------+----------+-------------------------------------------
     0 | D:1      | acidapple the Naga Transmuter began the quest for the Orb.
     0 | D:1      | Reached XP level 1. HP: 18/18 MP: 3/3
   520 | D:1      | Reached XP level 2. HP: 25/25 MP: 5/5
   966 | D:1      | Learned a level 2 spell: Sticks to Snakes
  1220 | D:1      | Reached XP level 3. HP: 29/31 MP: 4/6
  1858 | D:2      | Learned a level 3 spell: Spider Form
  2209 | D:2      | Found a shattered altar of Ashenzari.
  2418 | D:2      | Found a radiant altar of Vehumet.
  2561 | D:2      | Reached XP level 4. HP: 17/38 MP: 3/7
  3057 | D:3      | Reached XP level 5. HP: 36/44 MP: 8/8
  3520 | D:4      | Noticed Zedayar's ghost (novice TrFi)
  3548 | D:4      | Found a staircase to the Ecumenical Temple.
  3639 | D:4      | Slain by a centaur skeleton

Skill      XL: |  1  2  3  4  5 |
---------------+----------------+-----
Transmutations | 3 4 |  4.8
Unarmed Combat | 4 |  4.5
Fighting       | |  1.0
Dodging        | |  1.5
Spellcasting   | |  2.0

Action                   |  1- 3 |  4- 6 || total
-------------------------+-------+-------++-------
Melee: Unarmed           |   127 |    91 ||   218
       Headbutt          |     5 |    12 ||    17
       Punch             |     1 |     1 ||     2
 Cast: Beastly Appendage |    24 |    12 ||    36
       Sticks to Snakes  |     3 |     9 ||    12
       Spider Form       |       |     1 ||     1
 Abil: Spit Poison       |    26 |     8 ||    34
  Use: Scroll            |     6 |       ||     6
       Potion            |       |     2 ||     2
  Eat: Chunk             |     5 |     9 ||    14
Armor: Robe              |    34 |    20 ||    54
Dodge: Dodged            |    77 |    52 ||   129
Block: Buckler           |     4 |       ||     4
